 Dungeon Crawl Stone Soup version 0.19-a0-1206-g6bcb79c (webtiles) character file.

292 inmateoo the Stinger (level 6, -14/41 HPs)
             Began as a Demonspawn Venom Mage on Aug 21, 2016.
             Demolished by an ogre
             ... wielding a +0 giant club
              (17 damage)
             ... on level 4 of the Dungeon.
             The game lasted 00:06:06 (3710 turns).

inmateoo the Stinger (Demonspawn Venom Mage)        Turns: 3710, Time: 00:06:07

Health: -14/41     AC:  6    Str: 13    XL:     6   Next: 10%
Magic:  6/9        EV: 12    Int: 16    God:
Gold:   128        SH:  0    Dex: 14    Spells: 2 memorised, 5 levels left

rFire  + . .     SeeInvis .       - Unarmed
rCold  . . .     Gourm    .     a - +0 robe
rNeg   . . .     Faith    .     (no shield)
rPois  .         Spirit   .     l - +0 helmet
rElec  .         Dismiss  .     (no cloak)
rCorr  .         Reflect  .     w - +2 pair of gloves {Str+3}
MR     .....     Harm     .     (no boots)
Stlth  ++........               (no amulet)
                                (no ring)
                                (no ring)

@: drained
A: talons 1, fire resistance 1
a: no special abilities


You were on level 4 of the Dungeon.
You were hungry.

You visited 1 branch of the dungeon, and saw 4 of its levels.

You collected 128 gold pieces.

Inventory:

Hand Weapons
 g - a +0 club
Armour
 a - a +0 robe (worn)
 l - a +0 helmet (worn)
 v - a +2 buckler
 w - a +2 pair of gloves of strength (worn)
Scrolls
 d - a scroll of amnesia {unknown}
 h - 2 scrolls of enchant armour {unknown}
 j - 2 scrolls of fear {unknown}
 k - 3 scrolls of identify {unknown}
 n - a scroll of teleportation {unknown}
 r - 3 scrolls of magic mapping {unknown}
 t - a scroll of recharging {unknown}
 x - a scroll of enchant weapon {unknown}
 y - a scroll of remove curse {unknown}
Potions
 e - 3 potions of curing {unknown}
 f - 2 potions of might {unknown}
 m - a potion of flight {unknown}
 o - a potion of magic {unknown}
 p - a potion of haste {unknown}
 s - a potion of berserk rage {unknown}
 u - a potion of ambrosia {unknown}
Books
 b - a Young Poisoner's Handbook

   Spells                             Type                      Level
   a - Sting                          Conjuration/Poison           1
   b - Mephitic Cloud                 Conjuration/Poison/Air       3
   c - Olgreb's Toxic Radiance        Poison                       4
   d - Alistair's Intoxication        Transmutation/Poison         5
   e - Venom Bolt                     Conjuration/Poison           5
Comestibles
 c - 3 bread rations
 i - 2 meat rations
 q - 4 fruits
 z - 3 chunks of flesh
 A - a royal jelly
 B - a slice of pizza


   Skills:
 - Level 1.7(1.4) Dodging
 - Level 1.7(1.4) Stealth
 + Level 4.6(4.3) Unarmed Combat
 - Level 2.0(1.7) Spellcasting
 - Level 5.1(4.7) Poison Magic


You had 5 spell levels left.
You knew the following spells:

 Your Spells              Type           Power        Failure   Level  Hunger
a - Sting                 Conj/Pois      #...         10%         1    ##.....
b - Mephitic Cloud        Conj/Pois/Air  #.......     34%         3    ####...


Dungeon Overview and Level Annotations

Branches:
Dungeon (4/15)
 Temple: D:4-7

Altars:
Ashenzari
Fedhas
Nemelex Xobeh
Ru
Yredelemnul
The Shining One


Innate Abilities, Weirdness & Mutations

You have sharp toenails.
Your flesh is heat resistant. (rF+)


Message History

The sting hits the ogre.
The ogre is poisoned.
The ogre is severely wounded.
The ogre hits you with a giant club!!
Ouch! That really hurt!
* * * LOW HITPOINT WARNING * * *
The ogre looks more healthy.
Casting: Sting
Confirm with . or Enter, or press ? or * to list all spells.
Aiming: Sting
Press: ? - help, Shift-Dir - straight line, f/p - ogre
Aim: an ogre, wielding a giant club (severely wounded)
The sting hits the ogre.
The ogre is almost dead.
Casting: Sting
Confirm with . or Enter, or press ? or * to list all spells.
Aiming: Sting
Press: ? - help, Shift-Dir - straight line, f/p - ogre
Aim: an ogre, wielding a giant club (almost dead)
The sting misses the ogre.
The ogre hits you with a giant club!
You die...

.#. .... #.... ... ####..##.
a...# #...#.##.....##..##...#
#...#............#....
#...##.....#.#.#.....#
#...##.....#.#.##....##
#...##................#
#######...##....<....#......#
...........#@##...#........†#
...........O.###..#.##......#
...........#####....##.#.....
............##....####.#####.
............##.#### # #.....
........##......# ######.####
........#######.# #...##<#
......... #.###.#.##.####
........# #........#.....


You could see an ogre.

Vanquished Creatures
  A scorpion (D:2)
  A howler monkey (D:4)
  A worker ant (D:4)
  11 adders
  3 worms (D:3)
  2 dart slugs (D:2)
  2 giant geckos
  2 orcs (D:3)
  7 bats
  3 giant cockroaches
  10 goblins
  3 hobgoblins
  4 jackals (D:3)
  A quokka (D:3)
  2 ball pythons
  2 giant newts
  7 kobolds
  11 rats
73 creatures vanquished.

Notes
Turn   | Place    | Note
-------+----------+-------------------------------------------
     0 | D:1      | inmateoo the Demonspawn Venom Mage began the quest for the Orb.
     0 | D:1      | Reached XP level 1. HP: 13/13 MP: 3/3
   304 | D:1      | Reached skill level 1 in Unarmed Combat
   427 | D:1      | Gained mutation: You have sharp toenails. [demonic ancestry]
   427 | D:1      | Reached XP level 2. HP: 16/19 MP: 0/5
  1155 | D:2      | Reached XP level 3. HP: 16/24 MP: 1/6
  1213 | D:2      | Found a sparkling altar of Nemelex Xobeh.
  1366 | D:2      | Found a blossoming altar of Fedhas.
  1806 | D:2      | Found a sacrificial altar of Ru.
  1922 | D:2      | Noticed a scorpion
  2074 | D:2      | Learned a level 3 spell: Mephitic Cloud
  2087 | D:2      | Killed a scorpion
  2087 | D:2      | Reached XP level 4. HP: 27/30 MP: 1/7
  2854 | D:3      | Gained mutation: Your flesh is heat resistant. (rF+) [demonic ancestry]
  2854 | D:3      | Reached XP level 5. HP: 33/35 MP: 8/8
  3302 | D:3      | Found a basalt altar of Yredelemnul.
  3311 | D:3      | Found a glowing golden altar of the Shining One.
  3314 | D:3      | Noticed an angel
  3322 | D:3      | Noticed a profane servitor
  3565 | D:4      | Reached skill level 5 in Poison Magic
  3591 | D:4      | Found a shattered altar of Ashenzari.
  3626 | D:4      | Reached XP level 6. HP: 41/41 MP: 6/9
  3695 | D:4      | HP: 1/41 [ogre/giant club (25)]
  3710 | D:4      | Demolished by an ogre

Vault maps used:
D:1:      dpeg_arrival_tiny_c, patterned_corridor
D:2:      lemuel_coloured_pillars_altar, lemuel_crystal_altar,
          nicolae_ru_path_of_blood, kennysheep_decorative_pillar
D:3:      grunt_temple_overflow_holy_war, minmay_mini_jars
D:4:      led_sif_book, first_bread, ashenzari_altar_1

Skill      XL: |  1  2  3  4  5 |
---------------+----------------+-----
Unarmed Combat | 1 2 3 4 |  4.6
Poison Magic   | 5 |  5.1
Dodging        | |  1.7
Stealth        | |  1.7
Spellcasting   | |  2.0

Action                   |  1- 3 |  4- 6 || total
-------------------------+-------+-------++-------
Melee: Unarmed           |    87 |   109 ||   196
       Kick              |    12 |    24 ||    36
       Punch             |     2 |     2 ||     4
 Cast: Sting             |    49 |    75 ||   124
 Stab: Sleeping          |     2 |     2 ||     4
  Eat: Chunk             |     5 |     7 ||    12
Armor: Robe              |    30 |    47 ||    77
Dodge: Dodged            |    82 |   104 ||   186
